AoeStats
← Joaking

MegaRandom

507815049Analyzed
4v4 RM · 12d ago on Sep 19, 2026· 73m 57s· 8 players
Game mode
Random Map
Map size
Large (8 player)
Population
200
Speed
Normal
Resources
Standard
Victory
Conquest
Starting age
Dark Age
Ending age
Imperial Age
RankedLock teamsTeams togetherTeam positionsShared explorationLock speedFull tech treeHidden civsTurbo modeCheats
Victory
Defeat
🇨🇱 Britons · Chile
978
+13
🇬🇷 Slavs · Greece
945
+14
🇬🇷 Bulgarians · Greece
932
+15
🇮🇹 Sicilians · Italy
867
+19
🇬🇧 Maya · United Kingdom
969
-17
🇺🇸 Khmer · United States
922
-16
🇬🇧 Wei · United Kingdom
898
-15
🇩🇪 Mongols · Germany
850
-21
marwenskio
3:19 Loom
11:47 Feudal Age
20:03 Castle Age
28:18 Imperial Age
30:47 Wheelbarrow
30:08 Double-Bit Axe
30:11 Horse Collar
33:16 Bow Saw
35:45 Hand Cart
35:16 Town Watch
37:59 Double Crossbow
38:06 Husbandry
40:51 Elite Ballista Elephant
44:18 Bloodlines
44:21 Light Cavalry
45:23 Hussar
59:59 Scale Barding Armor
60:53 Town Patrol
64:11 Elite Battle Elephant
66:10 Chain Barding Armor
66:02 Forging
67:59 Cavalier
69:19 Plate Barding Armor
69:19 Iron Casting
WatermelonMan
0:30 Loom
10:40 Feudal Age
11:08 Feudal Age
12:16 Double-Bit Axe
14:31 Fletching
19:59 Castle Age
18:17 Horse Collar
18:30 Gold Mining
18:48 Padded Archer Armor
21:05 Bow Saw
20:35 Crossbowman
21:38 Bodkin Arrow
25:12 Thumb Ring
26:40 Wheelbarrow
28:11 Leather Archer Armor
28:42 Heavy Plow
30:58 Ballistics
31:14 Town Watch
31:46 Hand Cart
35:40 Imperial Age
34:22 Forging
34:31 Masonry
34:46 Stone Mining
36:00 Arbalester
39:01 Conscription
40:15 Chemistry
40:06 Bracer
41:06 Hoardings
42:09 Two-Man Saw
45:38 Ring Archer Armor
45:43 Iron Casting
44:43 Elite Plumed Archer
47:35 Murder Holes
48:11 Architecture
50:19 Pikeman
50:59 Squires
50:45 Arson
52:25 Blast Furnace
51:26 Scale Mail Armor
52:10 Halberdier
Horahlooks
12:58 Feudal Age
19:43 Castle Age
18:09 Double-Bit Axe
18:24 Horse Collar
18:55 Gold Mining
19:30 Stone Mining
20:37 Bow Saw
21:41 Loom
21:41 Town Watch
22:33 Wheelbarrow
25:00 Scale Barding Armor
25:05 Forging
27:24 Heavy Plow
28:01 Gold Shaft Mining
29:58 Hand Cart
34:03 Imperial Age
31:56 Tuntian
32:57 Stone Shaft Mining
34:08 Chain Barding Armor
34:23 Iron Casting
33:57 Town Patrol
34:47 Thumb Ring
34:37 Fletching
34:48 Padded Archer Armor
35:55 Crop Rotation
35:54 Conscription
35:25 Onager
36:33 Bloodlines
36:23 Husbandry
37:40 Blast Furnace
36:37 Bodkin Arrow
36:18 Light Cavalry
37:24 Padded Archer Armor
37:39 Elite Tiger Cavalry
38:57 Ballistics
38:01 Elite Skirmisher
40:21 Hussar
44:09 Heavy Hei Guang Cavalry
45:21 Ming Guang Armor
46:37 Capped Ram
49:40 Siege Ram
54:15 Bracer
54:30 Leather Archer Armor
56:48 Heavy Scorpion
64:28 Chemistry
mohammadsaeiidi
9:52 Feudal Age
23:44 Castle Age
34:35 Nomads
41:51 Husbandry
45:41 Imperial Age
44:15 Padded Archer Armor
44:07 Fletching
48:57 Elite Steppe Lancer
forestero
10:56 Feudal Age
13:37 Fletching
17:42 Horse Collar
17:50 Double-Bit Axe
20:21 Wheelbarrow
19:39 Loom
22:51 Castle Age
21:29 Gold Mining
22:06 Stone Mining
25:17 Hand Cart
30:09 Heavy Plow
30:29 Bow Saw
36:14 Imperial Age
35:04 First Crusade
35:27 Forging
35:17 Scale Mail Armor
35:14 Bodkin Arrow
35:42 Ballistics
36:57 Gold Shaft Mining
36:57 Stone Shaft Mining
37:22 Conscription
37:27 Elite Serjeant
38:55 Caravan
39:36 Iron Casting
39:16 Chain Mail Armor
40:23 Chemistry
39:19 Murder Holes
39:31 Town Watch
39:11 Pikeman
40:14 Halberdier
42:00 Blast Furnace
41:31 Plate Mail Armor
41:02 Bracer
42:52 Siege Engineers
42:35 Arrowslits
42:55 Padded Archer Armor
44:46 Hoardings
48:57 Squires
48:42 Arson
49:22 Sappers
53:06 Crop Rotation
59:06 Masonry
70:56 Town Patrol
Joaking
3:35 Loom
11:46 Feudal Age
14:26 Fletching
16:27 Padded Archer Armor
18:43 Wheelbarrow
23:00 Castle Age
23:03 Crossbowman
23:41 Bodkin Arrow
25:43 Town Watch
28:23 Double-Bit Axe
31:51 Imperial Age
30:51 Hand Cart
31:19 Ballistics
32:27 Elite Longbowman
36:54 Yeomen
36:39 Bracer
36:55 Leather Archer Armor
37:43 Chemistry
37:27 Conscription
39:40 Ring Archer Armor
39:26 Scale Mail Armor
39:37 Forging
40:33 Pikeman
40:59 Arson
41:00 Gambesons
41:16 Squires
gtzilas
4:20 Loom
13:01 Feudal Age
15:31 Double-Bit Axe
18:18 Horse Collar
23:11 Castle Age
21:27 Padded Archer Armor
21:45 Stone Mining
22:23 Fletching
28:58 Heavy Plow
29:47 Gold Mining
31:06 Gold Shaft Mining
33:07 Wheelbarrow
33:10 Bow Saw
33:44 Town Watch
38:29 Imperial Age
37:29 Hand Cart
37:16 Scale Mail Armor
37:22 Pikeman
38:46 Scale Barding Armor
39:34 Ballistics
40:08 Chain Barding Armor
40:41 Halberdier
42:15 Bloodlines
44:22 Plate Barding Armor
43:57 Forging
44:42 Elite Boyar
45:46 Conscription
49:36 Two-Man Saw
48:36 Elite Skirmisher
50:21 Caravan
51:47 Iron Casting
51:28 Chain Mail Armor
51:30 Leather Archer Armor
53:47 Light Cavalry
54:30 Husbandry
54:59 Druzhina
55:47 Detinets
56:19 Onager
59:00 Town Patrol
60:02 Blast Furnace
59:33 Plate Mail Armor
58:59 Bodkin Arrow
61:46 Squires
61:36 Hussar
Gladiator
7:40 Loom
12:53 Feudal Age
16:08 Wheelbarrow
18:43 Double-Bit Axe
18:43 Horse Collar
21:30 Castle Age
23:16 Bow Saw
23:23 Bloodlines
23:20 Scale Barding Armor
23:25 Forging
24:43 Stone Mining
25:55 Chain Barding Armor
25:39 Husbandry
30:01 Heavy Plow
30:50 Gold Mining
38:22 Imperial Age
36:54 Iron Casting
37:18 Hand Cart
38:17 Pikeman
38:58 Squires
41:06 Gold Shaft Mining
41:11 Ballistics
40:47 Murder Holes
41:53 Chemistry
42:17 Elite Konnik
44:02 Caravan
44:56 Plate Barding Armor
45:22 Blast Furnace
44:22 Scale Mail Armor
44:56 Siege Engineers
45:03 Masonry
48:25 Chain Mail Armor
55:07 Halberdier
55:33 Arson
60:59 Onager
66:56 Plate Mail Armor
67:13 Crop Rotation
67:24 Siege Onager
Connection lost

Rejoining the realm…

Still unreachable

The connection could not be restored.

Session expired

The server has moved on; the page needs a fresh start.